 Dungeon Crawl Stone Soup version 0.29.1-2-gbd0b4ee654 (webtiles) character file.

Game seed: 13330069035295569491

96 Avanven the Changer (level 4, 0/35 HPs)
             Began as a Draconian Transmuter on Nov 8, 2022.
             Slain by an adder (2 damage)
             ... on level 2 of the Dungeon.
             The game lasted 00:02:42 (1585 turns).

Avanven the Changer (Draconian Transmuter)          Turns: 1585, Time: 00:02:42

Health: 0/35       AC:  2    Str: 12    XL:     4   Next: 41%
Magic:  2/7        EV: 19    Int: 16    God:
Gold:   101        SH:  0    Dex: 16    Spells: 3/7 levels left

rFire   . . .      SeeInvis .     - Unarmed
rCold   . . .      Faith    .   (shield currently unavailable)
rNeg    . . .      Spirit   .   (body armour unavailable)
rPois   x          Reflect  .   (helmet currently unavailable)
rElec   .          Harm     .   (cloak currently unavailable)
rCorr   .          Rampage  .   (gloves currently unavailable)
Will    .....                   (boots currently unavailable)
Stlth   +.........              (no amulet)
HPRegen 0.11/turn               (no ring)
MPRegen 0.10/turn               (no ring)

@: lethally poisoned (0 -> -1), spider-form (expiring)
A: venomous fangs, AC +5, tiny, unfitting armour, (cold-blooded)
a: End Transformation


You were on level 2 of the Dungeon.
You were a venomous arachnid creature.
You visited 1 branch of the dungeon, and saw 2 of its levels.

You collected 101 gold pieces.

Inventory:

Jewellery
 c - a ring of fire
Scrolls
 b - a scroll of enchant armour {unknown}
 e - 2 scrolls of identify
Potions
 a - 2 potions of lignification
 d - a potion of berserk rage


   Skills:
 - Level 1.1 Fighting
 - Level 1.7 Dodging
 - Level 3.0 Unarmed Combat
 - Level 2.0 Spellcasting
 + Level 4.7 Transmutations


You had 3 spell levels left.
You knew the following spells:

 Your Spells              Type           Power      Damage    Failure   Level
a - Beastly Appendage     Tmut           32%        N/A       11%         1
b - Spider Form           Tmut/Pois      9%         N/A       45%         3

Your spell library contained the following spells:

 Spells                   Type           Power      Damage    Failure   Level
 Wereblood                Tmut           16%        N/A       13%         2
 Ice Form                 Ice/Tmut       9%         N/A       80%         4


Dungeon Overview and Level Annotations

Branches:
Dungeon (2/15)

Altars:


Innate Abilities, Weirdness & Mutations

You are a venomous arachnid creature.
You have poisonous fangs.
You are tiny and dextrous.
Your spellcasting is less reliable in this form.
Your armour is entirely melded.
You are incapable of wielding weapons or throwing items.
((Your plain brown scales are hard. (AC +5)))
You cannot fit into any form of body armour.
((You are cold-blooded and may be slowed by cold attacks.))


Message History

You hit the adder but do no damage.
The adder is poisoned.
You feel very sick. The adder misses you.
You barely miss the adder.
The adder is lightly wounded.
You feel very sick. The jackal completely misses you.
The adder closely misses you.
The jackal splashes around in the water.
Your unstable footing causes you to fumble your attack.
You feel very sick. The adder completely misses you.
A jackal comes into view.
The jackal misses you. The adder completely misses you.
You barely miss the adder.
The adder is moderately wounded.
You feel very sick.
The jackal barks!
The jackal misses you. The adder completely misses you.
Your transformation is almost over.
You feel very sick. The adder barely misses you.
The jackal splashes around in the water.
The adder closely misses you.
Your magical contamination has completely faded away.
The adder attacks as you move away! The adder bites you.
You feel very sick. The adder bites you.
* * * LOW HITPOINT WARNING * * *
The jackal splashes around in the water.
* * * LOW HITPOINT WARNING * * *
You feel sick. The adder misses you.
* * * LOW HITPOINT WARNING * * *
You feel sick. The adder attacks as you move away!
The adder completely misses you.
* * * LOW HITPOINT WARNING * * *
You feel sick. The jackal attacks as you move away!
The jackal barely misses you.
* * * LOW HITPOINT WARNING * * *
You feel sick. The adder bites you.
You die...

..........#
#.#
..#.......#
#.##
..........#
#..#
##.......##
##.#
#.......##
#.####
#.##...##
#.##.########
#.###.##
#.#..~..~.~.~
......#
#..#~.~~..~.~
#..####
###s..≈≈≈~≈~≈
#..#
##Sh~≈≈≈≈≈≈
#..#
#.~~≈≈≈~≈~
...#
#.~~≈≈~~.≈
...#
#~h~≈~._~≈
...#
#~.≈≈~♣.♣≈
##.#
#~≈~~~~~≈ #.#
#..~≈~~~~ ###
..≈≈~≈~≈≈


You could see an adder (poisoned) and 2 jackals.

Vanquished Creatures
  An iguana (D:2)
  3 adders (D:2)
  A worm (D:2)
  2 dart slugs (D:1)
  6 bats
  2 endoplasms
  A giant cockroach (D:1)
  A goblin (D:1)
  A quokka (D:2)
  A frilled lizard (D:2)
  7 kobolds
  19 rats (D:2)
45 creatures vanquished.

Notes
Turn   | Place    | Note
-------+----------+-------------------------------------------
     0 | D:1      | Avanven the Draconian Transmuter began the quest for the
                  | Orb.
     0 | D:1      | Reached XP level 1. HP: 16/16 MP: 3/3
   275 | D:1      | Reached XP level 2. HP: 18/23 MP: 3/5
   418 | D:1      | Reached skill level 3 in Transmutations
   881 | D:2      | Reached XP level 3. HP: 28/28 MP: 4/6
   913 | D:2      | Learned a level 3 spell: Spider Form
   976 | D:2      | Reached skill level 4 in Transmutations
  1097 | D:2      | Reached XP level 4. HP: 35/35 MP: 3/7
  1564 | D:2      | Found a faded altar of an unknown god.
  1585 | D:2      | Slain by an adder

Illustrated notes

Levels and vault maps discovered:
D:1:      nagdon_arrival_double_spiral, layout_basic
D:2:      layout_loops_ring, chequers_ecumenical_altar_island,
          serial_bayou_ford_a, minmay_rat_hole, uniq_crazy_yiuf_cottage

Skill      XL: |  1  2  3 |
---------------+----------+-----
Transmutations | 3 4 |  4.7
Fighting       | |  1.1
Dodging        | |  1.7
Unarmed Combat | |  3.0
Spellcasting   | |  2.0

Action                   |  1- 3 |  4- 6 || total
-------------------------+-------+-------++-------
Melee: Unarmed           |    77 |    36 ||   113
       Kick              |    12 |       ||    12
       Headbutt          |     8 |     1 ||     9
       Tailslap          |     8 |     1 ||     9
       Punch             |     2 |       ||     2
 Cast: Beastly Appendage |    14 |     4 ||    18
       Spider Form       |     2 |     2 ||     4
  Use: Scroll            |     4 |       ||     4
Armor: Skin              |    20 |    10 ||    30
Dodge: Dodged            |    44 |    57 ||   101
